 Dungeon Crawl Stone Soup version 0.28-a0-1202-g1e6f1b2279 (webtiles) character file.

Game seed: 9139983509561830323

887 ChaosChampion the Thaumaturge (level 7, -4/36 HPs)
             Began as a Deep Elf Conjurer on Dec 19, 2021.
             Killed by nerve-wracking pain
             ... invoked by a shadow imp
             ... summoned by Eustachio
              (12 damage)
             ... on level 5 of the Dungeon on Dec 20, 2021.
             The game lasted 00:05:04 (6041 turns).

ChaosChampion the Thaumaturge (Deep Elf Conjurer)   Turns: 6041, Time: 00:05:05

Health: -4/36      AC:  2    Str:  4      XL:     7   Next: 77%
Magic:  7/22       EV: 12    Int: 25      God:
Gold:   280        SH:  0    Dex: 10 (13) Spells: 14/25 levels left

rFire   . . .      SeeInvis .   (no weapon)
rCold   . . .      Faith    .   (no shield)
rNeg    . . .      Spirit   .   a - +0 robe
rPois   .          Reflect  .   (no helmet)
rElec   .          Harm     .   (no cloak)
rCorr   .          Rampage  .   (no gloves)
Will    +....                   (no boots)
Stlth   ++........              (no amulet)
HPRegen 0.12/turn               o - ring of willpower
MPRegen 0.18/turn               (no ring)

@: no status effects
A: no striking features
a: no special abilities


You were on level 5 of the Dungeon.
You visited 1 branch of the dungeon, and saw 5 of its levels.

You collected 280 gold pieces.

Inventory:

Armour
 a - a +0 robe (worn)
Jewellery
 o - a ring of willpower (left hand)
Wands
 i - a wand of digging (6)
Scrolls
 b - a scroll of torment {unknown}
 c - 2 scrolls of immolation {unknown}
 d - 5 scrolls of identify {unknown}
 e - 2 scrolls of fog {unknown}
 f - a scroll of teleportation {unknown}
 g - 2 scrolls of silence {unknown}
 m - a scroll of summoning {unknown}
 q - a scroll of enchant weapon {unknown}
Potions
 h - a potion of lignification {unknown}
 j - a potion of brilliance {unknown}
 k - 2 potions of cancellation {unknown}
 l - 4 potions of curing {unknown}
 n - 2 potions of flight {unknown}
 p - 3 potions of might {unknown}
 r - a potion of mutation {unknown}
 s - a potion of heal wounds {unknown}


   Skills:
 - Level 2.4 Dodging
 - Level 2.4 Stealth
 + Level 9.9 Spellcasting
 + Level 7.1 Conjurations
 + Level 0.0 Hexes
 + Level 0.0 Translocations


You had 14 spell levels left.
You knew the following spells:

 Your Spells              Type           Power      Damage    Failure   Level
a - Magic Dart            Conj           100%       1d8       1%          1
b - Searing Ray           Conj           96%        2d7       1%          2
c - Fulminant Prism       Conj/Hex       15%        3d11      12%         4
d - Iskenderun's Mystic   Conj/Tloc      30%        2d8       12%         4

Your spell library contained the following spells:

 Spells                   Type           Power      Damage    Failure   Level
 Dazzling Flash           Conj/Hex       60%        N/A       3%          3
 Agony                    Necr           12%        N/A       80%         5
 Silence                  Hex/Air        6%         N/A       80%         5


Dungeon Overview and Level Annotations

Branches:
Dungeon (5/15)
 Temple: D:4-7

Altars:

Shops:
D:2 [

Annotations:
D:5 Eustachio


Message History

Confirm with . or Enter, or press ? or * to list all spells.
Aiming: Searing Ray (safe; 1% risk of failure)
Press: ? - help, Shift-Dir - straight line, f/p - crimson imp
Aim: a crimson imp (translocational energy, moderately wounded, summoned, 74% to hit)
The searing ray hits the crimson imp!
You kill the crimson imp!
The crimson imp disappears in a puff of smoke! (Press . to maintain the ray.)
The shadow imp disappears in a puff of smoke!
Casting: Searing Ray (safe; 1% risk of failure)
Confirm with . or Enter, or press ? or * to list all spells.
Restarting spell: Searing Ray (safe; 1% risk of failure)
Press: ? - help, Shift-Dir - straight line, f - Eustachio
Aim: Eustachio, wielding a +0 rapier and wearing a +0 leather armour (heavily wounded, 76% to hit)
The searing ray hits Eustachio.
Eustachio is heavily wounded. (Press . to maintain the ray.) Eustachio hits you with a +0 rapier.
The searing ray misses Eustachio.
Eustachio hits you with a +0 rapier. The quasit misses you.
The quasit claws you but does no damage.
The quasit barely misses you.
The searing ray hits Eustachio.
Eustachio is severely wounded.
The quasit closely misses you. The quasit claws you. x2
You feel clumsy.
Eustachio mumbles some strange words.
The quasit bites you but does no damage.
The quasit barely misses you.
The quasit claws you but does no damage.
The searing ray hits Eustachio.
Eustachio is severely wounded.
You finish channelling your searing ray.
Eustachio hits you with a +0 rapier! The quasit bites you.
* * * LOW HITPOINT WARNING * * *
The quasit closely misses you. The quasit claws you.
* * * LOW HITPOINT WARNING * * *
The shadow imp gestures at you. Pain shoots through your body!
You die...

.....# ##.)..### # ......##
##.....#### # .......# ##.......##
# .......# ###......# ## .......#
###....######.
ยง......##################.....#..
................##............)..
...............5.........#.....##
.....#.......rb5@<.......#.....##
#### #.........@#..............#
#..........##.......#....##
##........###########....#
##........## #....# #.......)..#
###### #..........# #..........#
#..........#


You could see Eustachio, a quasit (summoned), a shadow imp (summoned), a quokka
(summoned) and a bat (summoned).

Vanquished Creatures
  2 necrophages
  2 ogres
  2 phantoms (D:4)
  A scorpion (D:4)
  A bullfrog zombie (D:4)
  A hound (D:5)
  An iguana (D:5)
  An orc wizard (D:3)
  A howler monkey zombie (D:5)
  7 gnolls
  4 adders
  2 ufetubi (D:4)
  A worm (D:2)
  2 dart slugs
  8 orcs
  6 ball pythons
  8 bats
  8 endoplasms
  3 giant cockroaches
  10 goblins
  13 hobgoblins
  2 jackals (D:2)
  7 kobolds
  3 quokkas
  A frilled lizard (D:2)
  2 rats
  2 fulminant prisms (D:5)
101 creatures vanquished.

Vanquished Creatures (others)
  2 fulminant prisms (D:5)
2 creatures vanquished.

Grand Total: 103 creatures vanquished

Notes
Turn   | Place    | Note
-------+----------+-------------------------------------------
     0 | D:1      | ChaosChampion the Deep Elf Conjurer began the quest for the
                  | Orb.
     0 | D:1      | Reached XP level 1. HP: 10/10 MP: 6/6
   332 | D:1      | Found a faded altar of an unknown god.
   368 | D:1      | Reached XP level 2. HP: 15/15 MP: 6/8
   600 | D:1      | Reached skill level 4 in Spellcasting
   844 | D:2      | Found Ogamapo's Armour Shop.
   962 | D:2      | Reached XP level 3. HP: 19/19 MP: 6/10
  1150 | D:2      | Learned a level 2 spell: Searing Ray
  1306 | D:2      | Reached skill level 5 in Conjurations
  1307 | D:2      | Reached skill level 5 in Spellcasting
  1569 | D:2      | Reached XP level 4. HP: 21/24 MP: 9/13
  2680 | D:4      | Reached skill level 6 in Spellcasting
  2680 | D:4      | Reached XP level 5. HP: 28/28 MP: 5/15
  2886 | D:4      | Noticed a phantom
  2890 | D:4      | Killed a phantom
  3000 | D:4      | Reached skill level 7 in Spellcasting
  3068 | D:4      | Noticed a necrophage
  3074 | D:4      | Killed a necrophage
  3075 | D:4      | Reached XP level 6. HP: 32/32 MP: 9/18
  3248 | D:4      | Reached skill level 8 in Spellcasting
  3732 | D:4      | Reached XP level 7. HP: 32/36 MP: 15/21
  4334 | D:5      | Entered Level 5 of the Dungeon
  4419 | D:5      | Reached skill level 9 in Spellcasting
  4630 | D:5      | Noticed Eustachio
  5191 | D:5      | HP: 1/36 [gnoll sergeant (10)]
  5747 | D:4      | Learned a level 4 spell: Fulminant Prism
  5752 | D:4      | Learned a level 4 spell: Iskenderun's Mystic Blast
  6041 | D:5      | Killed from afar by a shadow imp

Illustrated notes

Levels and vault maps discovered:
D:1:      shiori_arrival_maze, layout_rooms, dreamdust_ecumenical_altar_grove,
          minivault_23, minmay_tall_x
D:2:      cheibrodos_greedy_goblins, layout_rooms, serial_shops, shop,
          corexii_shack, kennysheep_generic_room_7
D:3:      layout_loops_ring
D:4:      layout_loops_corners
D:5:      layout_rooms, serial_curves, eino_curves_03, eino_curves_02,
          eino_curves_01, uniq_eustachio

Skill      XL: |  1  2  3  4  5  6  7 |
---------------+----------------------+-----
Spellcasting   | 4 5 6 7 8 9 |  9.9
Conjurations   | 5 6 7 |  7.1
Dodging        | |  2.4
Stealth        | |  2.4

Action                   |  1- 3 |  4- 6 |  7- 9 || total
-------------------------+-------+-------+-------++-------
 Cast: Magic Dart        |    84 |    66 |    19 ||   169
       Searing Ray       |     2 |    15 |    19 ||    36
       Fulminant Prism   |       |       |     4 ||     4
       Iskenderun's Myst |       |       |     1 ||     1
Armor: Robe              |     2 |     1 |     6 ||     9
Dodge: Dodged            |     6 |     8 |    13 ||    27

Table legend: (Time is in decaauts)
 A = Elapsed time spent in this place.
 B = Non-inter-level travel time spent in this place.
 C = Inter-level travel time spent in this place.
 D = Time resting spent in this place.
 E = Time spent auto-exploring this place.
 F = Levels seen in this place.
 G = Mean time per level.
                   A        B        C        D        E       F      G
               +--------+--------+--------+--------+--------+-----+--------+
         Total |   6041 |   5978 |     63 |   1007 |   4183 |   5 | 1208.2 |
       Dungeon |   6041 |   5978 |     63 |   1007 |   4183 |   5 | 1208.2 |
               +--------+--------+--------+--------+--------+-----+--------+

Top non-repeatable levels by time:
     D:4: 2365 daAuts
     D:2: 1109 daAuts
     D:5: 1003 daAuts
     D:1: 798 daAuts
     D:3: 764 daAuts
